 Dungeon Crawl Stone Soup version 0.29-a0-315-gaf6dd05e2f (webtiles) character file.

Game seed: 16828239360182808944

81 funkygono the Firebug (level 4, -1/24 HPs)
             Began as a Gargoyle Fire Elementalist on Mar 29, 2022.
             Slain by an orc
             ... wielding a +0 falchion
              (2 damage)
             ... on level 2 of the Dungeon.
             The game lasted 00:02:47 (2129 turns).

funkygono the Firebug (Gargoyle Fire Elementalist)  Turns: 2129, Time: 00:02:47

Health: -1/24      AC:  8    Str: 18    XL:     4   Next: 40%
Magic:  0/8        EV: 12    Int: 17    God:
Gold:   82         SH:  0    Dex: 10    Spells: 2/8 levels left

rFire   . . .      SeeInvis .   e - +0 club
rCold   . . .      Faith    .   (no shield)
rNeg    + . .      Spirit   .   a - +0 robe
rPois   ∞          Reflect  .   h - +1 helmet
rElec   +          Harm     .   (no cloak)
rCorr   .          Rampage  .   q - +0 pair of gloves
Will    .....                   (no boots)
Stlth   ++........              (no amulet)
HPRegen 0.08/turn               n - +6 ring of strength
MPRegen 0.11/turn               (no ring)

@: no status effects
A: sickness immunity, AC +3, negative energy resistance 1, electricity
resistance, torment resistance 1, petrification resistance
a: no special abilities


You were on level 2 of the Dungeon.
You visited 1 branch of the dungeon, and saw 3 of its levels.

You collected 82 gold pieces.

Inventory:

Hand Weapons
 e - a +0 club (weapon)
Missiles
 d - 52 stones
Armour
 a - a +0 robe (worn)
 h - a +1 helmet (worn)
 q - a +0 pair of gloves (worn)
Jewellery
 n - a +6 ring of strength (left hand)
Scrolls
 c - 3 scrolls of holy word {unknown}
 j - 4 scrolls of identify {unknown}
 k - a scroll of enchant weapon {unknown}
 l - 2 scrolls of teleportation {unknown}
 o - a scroll of fear {unknown}
 p - 3 scrolls of blinking {unknown}
 s - a scroll of brand weapon {unknown}
Potions
 b - a potion of magic
 f - a potion of flight {unknown}
 g - 2 potions of heal wounds {unknown}
 i - a potion of invisibility {unknown}
 m - a potion of lignification {unknown}
 r - a potion of haste {unknown}
 t - a potion of might {unknown}


   Skills:
 + Level 1.7 Dodging
 - Level 2.1 Stealth
 * Level 2.9 Spellcasting
 * Level 2.1 Conjurations
 * Level 4.0 Fire Magic


You had 2 spell levels left.
You knew the following spells:

 Your Spells              Type           Power      Damage    Failure   Level
a - Foxfire               Conj/Fire      48%        2x1d6     4%          1
b - Scorch                Fire           32%        2d7       4%          2
c - Conjure Flame         Conj/Fire      12%        6-21      16%         3

Your spell library contained the following spells:

 Spells                   Type           Power      Damage    Failure   Level
 Inner Flame              Hex/Fire       9%         N/A       24%         3
 Flame Wave               Conj/Fire      12%        2d6       45%         4


Dungeon Overview and Level Annotations

Branches:
Dungeon (3/15)

Altars:


Innate Abilities, Weirdness & Mutations

You are immune to sickness and miasma.
Your stone body is resilient. (AC +3)
You are immune to poison.
You resist negative energy. (rN+)
You are resistant to electric shocks. (rElec)
You are resistant to unholy torment.
You are immune to petrification.


Message History

Confirm with . or Enter, or press ? or * to list all spells.
You conjure some foxfire!
The orc closely misses you. The worm bites you.
Your magical contamination has completely faded away.
Unknown command.
You barely miss the worm.
The worm is severely wounded.
The foxfire hits the orc but does no damage.
The foxfire hits the orc.
The orc is lightly wounded.
The orc closely misses you.
Unknown command.
You hit the orc but do no damage.
The orc is lightly wounded.
The orc hits you with a +0 falchion. The worm bites you.
A dart slug comes into view.
The orc hits you but does no damage. The orc misses you.
The worm barely misses you.
You climb upwards.
There is a stone staircase leading down here.
The orc hits you but does no damage. The orc hits you with a +0 falchion.
Casting: Foxfire (safe; 4% risk of failure)
Confirm with . or Enter, or press ? or * to list all spells.
You conjure some foxfire!
The orc misses you.
Unknown command.
The foxfire hits the orc.
The orc is moderately wounded.
The foxfire hits the orc but does no damage.
The orc is moderately wounded.
The orc attacks as you move away! The orc hits you with a +0 falchion.
* * * LOW HITPOINT WARNING * * *
Casting: Foxfire (safe; 4% risk of failure)
Confirm with . or Enter, or press ? or * to list all spells.
You conjure some foxfire!
The orc hits you with a +0 falchion.
* * * LOW HITPOINT WARNING * * *
Your foxfire dissipates!
The foxfire hits the orc but does no damage.
The orc is moderately wounded.
The orc attacks as you move away! The orc hits you with a +0 falchion.
You die...

# #........#..†....
####...#.#.######
#..)....#.######
#.#.w...#.#....#
#.##.#..#......#
#.##.#..###....#
#.##....###....# ######
##########.##.#...#.....#
.....#
#.......@o....###.#.....#
...#.#
#.####...#.######.#.....#
...#.# #.#
#...#.##.....#.....# ...+.#
#.####...#.##.<...#.#####
.....#
#.....####.##.)...#.#####
.....# #####.#
#........#.†....
8...#########.#
################
<8..#.........#####.......##
#
8[..#.########.............#
#


You could see an orc.

Vanquished Creatures
  3 adders
  3 dart slugs
  An endoplasm (D:1)
  A giant cockroach (D:2)
  5 goblins
  4 hobgoblins
  6 jackals
  A quokka (D:2)
  6 ball pythons
  2 bats
  5 frilled lizards
  4 kobolds
  5 rats (D:1)
46 creatures vanquished.

Vanquished Creatures (others)
  103 foxfires
103 creatures vanquished.

Grand Total: 149 creatures vanquished

Notes
Turn   | Place    | Note
-------+----------+-------------------------------------------
     0 | D:1      | funkygono the Gargoyle Fire Elementalist began the quest
                  | for the Orb.
     0 | D:1      | Reached XP level 1. HP: 10/10 MP: 3/3
   173 | D:1      | Found a faded altar of an unknown god.
   180 | D:1      | Reached XP level 2. HP: 15/15 MP: 3/5
   183 | D:1      | Learned a level 2 spell: Scorch
   655 | D:1      | Reached XP level 3. HP: 19/19 MP: 3/6
   659 | D:1      | Learned a level 3 spell: Conjure Flame
  1569 | D:2      | Reached XP level 4. HP: 24/24 MP: 0/8
  2098 | D:3      | Reached skill level 4 in Fire Magic
  2125 | D:2      | HP: 1/24 [orc/+0 falchion (5)]
  2129 | D:2      | Slain by an orc

Illustrated notes

Levels and vault maps discovered:
D:1:      mainiacjoe_arrival_reflecting_pool, layout_loops_ring,
          basic_ecumenical_altar, grunt_decor_cap
D:2:      layout_basic, st_stairs_14
D:3:      layout_basic

Skill      XL: |  1  2  3  4 |
---------------+-------------+-----
Conjurations   | 2 |  2.1
Fire Magic     | 4 |  4.0
Dodging        | |  1.7
Stealth        | |  2.1
Spellcasting   | |  2.9

Action                   |  1- 3 |  4- 6 || total
-------------------------+-------+-------++-------
Melee: Club              |    11 |     6 ||    17
 Cast: Foxfire           |    52 |    13 ||    65
       Scorch            |     1 |     3 ||     4
Armor: Robe              |     7 |     4 ||    11
Dodge: Dodged            |    20 |    14 ||    34

Table legend: (Time is in decaauts)
 A = Elapsed time spent in this place.
 B = Non-inter-level travel time spent in this place.
 C = Inter-level travel time spent in this place.
 D = Time resting spent in this place.
 E = Time spent auto-exploring this place.
 F = Levels seen in this place.
 G = Mean time per level.
                   A        B        C        D        E       F      G
               +--------+--------+--------+--------+--------+-----+--------+
         Total |   2133 |   2026 |    107 |      0 |   1698 |   3 |  711.0 |
       Dungeon |   2133 |   2026 |    107 |      0 |   1698 |   3 |  711.0 |
               +--------+--------+--------+--------+--------+-----+--------+

Top non-repeatable levels by time:
     D:1: 1185 daAuts
     D:2: 929 daAuts
     D:3: 17 daAuts
